 Seeded DCSS version 0.28-a0-1312-g71652a0310 (webtiles) character file.

Game seed: 12130800008223909736 (custom seed)

594 croobank the Skirmisher (level 7, -10/49 HPs)
             Began as an Octopode Cinder Acolyte on Dec 28, 2021.
             Was a High Priest of Ignis.
             Mangled by Duvessa (15 damage)
             ... on level 4 of the Dungeon.
             The game lasted 00:12:36 (4438 turns).

croobank the Skirmisher (Octopode Cinder Acolyte)   Turns: 4438, Time: 00:12:36

Health: -10/49     AC:  1    Str: 13    XL:     7   Next: 39%
Magic:  3/12       EV: 12    Int: 19    God:    Ignis [*****.]
Gold:   174        SH:  0    Dex:  7    Spells: 11/13 levels left

rFire   + . .      SeeInvis .   a - +0 trident
rCold   . . .      Faith    .   (no shield)
rNeg    . . .      Spirit   .   (helmet restricted)
rPois   .          Reflect  .   (no amulet)
rElec   .          Harm     .   f - ring of wizardry
rCorr   .          Rampage  .   (no ring)
Will    .....                   (no ring)
Stlth   ++........              (no ring)
HPRegen 0.16/turn               (no ring)
MPRegen 0.13/turn               (no ring)
                                (no ring)
                                (no ring)

@: about to teleport
A: almost no armour, amphibious, 8 rings, camouflage 1, gelatinous body 1,
(nimble swimmer 1), tentacles
a: Renounce Religion, Fiery Armour, Foxfire Swarm, Rising Flame


You were on level 4 of the Dungeon.
You worshipped Ignis.
Ignis was extremely pleased with you.
You visited 1 branch of the dungeon, and saw 4 of its levels.

You collected 174 gold pieces.

Inventory:

Hand Weapons
 a - a +0 trident (weapon)
 b - a +0 hunting sling
 o - a +0 dagger of draining
Missiles
 c - 34 arrows
 e - 18 bolts
 h - 37 poisoned darts (quivered)
 n - 65 stones
Armour
 k - a +0 kite shield
Magical Staves
 q - a staff of earth
Jewellery
 f - a ring of wizardry (left tentacle)
Wands
 l - a wand of flame (19)
Scrolls
 d - 3 scrolls of enchant armour {enchant armour, unknown}
 j - a scroll of vulnerability {vulnerability, unknown}
 r - 4 scrolls of identify {identify, unknown}
Potions
 i - 3 potions of curing {curing, unknown}
 m - a potion of cancellation {cancellation, unknown}
 p - a potion of degeneration {degeneration, unknown}


   Skills:
 + Level 4.9 Fighting
 + Level 4.8 Polearms
 + Level 3.5 Spellcasting
 + Level 4.8 Fire Magic


You had 11 spell levels left.
You knew the following spells:

 Your Spells              Type           Power      Damage    Failure   Level
a - Scorch                Fire           42%        2d7       1%          2

Your spell library contained the following spells:

 Spells                   Type           Power      Damage    Failure   Level


Dungeon Overview and Level Annotations

Branches:
Dungeon (4/15)
 Temple: D:4-7

Altars:

Shops:
D:1 *   D:2 =   D:3 !

Annotations:
D:4 1 runed translucent door, Duvessa; porpoise's ghost, novice DECj


Innate Abilities, Weirdness & Mutations

You cannot wear most types of armour.
You are amphibious.
You can wear up to eight rings at the same time.
Your skin changes colour to match your surroundings (Stealth+).
Your rubbery body absorbs attacks. (AC +1, EV +1)
((You are camouflaged when in or above water. (Stealth+)))
You have tentacles for arms and can constrict up to eight enemies at once.


Message History

Duvessa is wielding a +2 vampiric rapier.
Casting: Scorch (safe; 1% risk of failure)
Confirm with . or Enter, or press ? or * to list all spells.
Flames lash Duvessa but do no damage.
Duvessa shouts!
Dowan shouts!
Casting: Scorch (safe; 1% risk of failure)
Confirm with . or Enter, or press ? or * to list all spells.
Flames lash Duvessa.
Duvessa is moderately wounded.
Duvessa's fire resistance burns away.
Casting: Scorch (safe; 1% risk of failure)
Confirm with . or Enter, or press ? or * to list all spells.
Flames lash Dowan.
Dowan is heavily wounded.
Dowan's fire resistance burns away.
Dowan gestures wildly while chanting.
Dowan blinks!
Casting: Scorch (safe; 1% risk of failure)
Confirm with . or Enter, or press ? or * to list all spells.
Flames lash Dowan.
Dowan is burned terribly!
You kill Dowan!
Duvessa weeps, and shakes her weapon.
Duvessa goes berserk!
Duvessa hits you with a +2 vampiric rapier!
Duvessa draws strength from your wounds!
Duvessa hits you with a +2 vampiric rapier!
Casting: Scorch (safe; 1% risk of failure)
Confirm with . or Enter, or press ? or * to list all spells.
Flames lash Duvessa.
Duvessa is burned terribly!
Duvessa is heavily wounded.
Duvessa barely misses you.
Duvessa hits you with a +2 vampiric rapier!
* * * LOW HITPOINT WARNING * * *
Duvessa draws strength from your wounds!
As you read the scroll labelled NOICHOSEAH {teleport}, it crumbles to dust.
You feel strangely unstable.
It was a scroll of teleportation {teleport}.
Duvessa is no longer more vulnerable to fire.
Duvessa hits you with a +2 vampiric rapier!
You die...

..#.. #########
#.#.# ........#
#.#.#
........#####
#.#.#
)...........#
#.#.####
........###.#
#).....#
....###...#.#
#......# ###.#
###.#.#####......#
# #.#
#.#.....@e#.####
###.#
#.#########.#
....# #.# .. #####
#.# ### ..# ###
#####


You could see Duvessa (berserk).

Vanquished Creatures
  Sigmund (D:3)
  Eustachio (D:4)
  A phantom (D:4)
  Dowan (D:4)
  An orc wizard (D:4)
  Ijyb (D:3)
  5 adders
  An ufetubus (D:4)
  A worm (D:3)
  A dart slug (D:1)
  5 orcs (D:4)
  4 endoplasms
  4 giant cockroaches
  4 goblins
  5 hobgoblins
  5 quokkas
  8 ball pythons
  6 bats
  3 frilled lizards (D:1)
  2 kobolds (D:1)
  5 rats
65 creatures vanquished.

Notes
Turn   | Place    | Note
-------+----------+-------------------------------------------
     0 | D:1      | croobank the Octopode Cinder Acolyte began the quest for
                  | the Orb.
     0 | D:1      | Reached XP level 1. HP: 16/16 MP: 2/2
    42 | D:1      | Found Wisoshren's General Store.
   325 | D:1      | Reached XP level 2. HP: 21/21 MP: 3/3
   328 | D:1      | Learned a level 2 spell: Scorch
   805 | D:1      | Reached XP level 3. HP: 26/26 MP: 0/5
  1253 | D:2      | Found Tueluf's Jewellery Shoppe.
  1344 | D:2      | Found a faded altar of an unknown god.
  2060 | D:3      | Found Couciofe's Distillery.
  2184 | D:3      | Reached XP level 4. HP: 31/31 MP: 3/6
  2322 | D:3      | Noticed Ijyb
  2331 | D:3      | Killed Ijyb
  2662 | D:3      | Noticed Sigmund
  2672 | D:3      | Killed Sigmund
  2673 | D:3      | Reached XP level 5. HP: 15/37 MP: 1/9
  2673 | D:3      | Reached XP level 6. HP: 17/43 MP: 1/10
  3609 | D:4      | Found a runed translucent door.
  3611 | D:4      | Noticed porpoise's ghost (novice DECj)
  4294 | D:4      | Noticed Eustachio
  4302 | D:4      | Killed Eustachio
  4303 | D:4      | Reached XP level 7. HP: 49/49 MP: 2/12
  4430 | D:4      | Noticed Duvessa
  4430 | D:4      | Noticed Dowan
  4434 | D:4      | Killed Dowan
  4438 | D:4      | Mangled by Duvessa

Illustrated notes

Levels and vault maps discovered:
D:1:      grunt_arrival_crossed_arrows, layout_loops_ring, serial_shops, shop,
          chequers_serial_rivers_micro_b
D:2:      layout_basic, serial_shops, shop,
          shapermc_ecumenical_altar_mp_urbaneastern
D:3:      layout_loops_cross, serial_shops, shop_statue, uniq_ijyb, uniq_sigmund
D:4:      layout_basic, lemuel_temple_firewalk_a, ebering_ghost_reflecting_pool,
          uniq_eustachio, uniq_duvessa

Skill      XL: |  1  2  3  4  5  6 |
---------------+-------------------+-----
Spellcasting   | 2 3 |  3.5
Fighting       | 4 |  4.9
Polearms       | 4 |  4.8
Fire Magic     | 4 |  4.8

Action                   |  1- 3 |  4- 6 |  7- 9 || total
-------------------------+-------+-------+-------++-------
Melee: Spear             |    28 |       |       ||    28
       Constrict         |     5 |     3 |       ||     8
       Tentacles         |     4 |     2 |       ||     6
       Trident           |     2 |    21 |       ||    23
Throw: Dart              |     1 |       |       ||     1
 Cast: Scorch            |    24 |    42 |     5 ||    71
  Use: Potion            |       |     3 |       ||     3
       Scroll            |       |       |     1 ||     1
 Stab: Sleeping          |     1 |       |       ||     1
Armor: Skin              |     4 |     1 |       ||     5
Dodge: Dodged            |    17 |    11 |     1 ||    29

Table legend: (Time is in decaauts)
 A = Elapsed time spent in this place.
 B = Non-inter-level travel time spent in this place.
 C = Inter-level travel time spent in this place.
 D = Time resting spent in this place.
 E = Time spent auto-exploring this place.
 F = Levels seen in this place.
 G = Mean time per level.
                   A        B        C        D        E       F      G
               +--------+--------+--------+--------+--------+-----+--------+
         Total |   4417 |   4329 |     88 |    861 |   2970 |   4 | 1104.2 |
       Dungeon |   4417 |   4329 |     88 |    861 |   2970 |   4 | 1104.2 |
               +--------+--------+--------+--------+--------+-----+--------+

Top non-repeatable levels by time:
     D:3: 1465 daAuts
     D:2: 1015 daAuts
     D:1: 1013 daAuts
     D:4: 922 daAuts
